 Seeded DCSS version 0.31-a0-977-gc230f8ef24 (webtiles) character file.

Game seed: 2954187639400825480 (custom seed)

95 timneilson the Ruffian (level 4, 0/29 HPs)
             Began as an Octopode Shapeshifter on Oct 29, 2023.
             Slain by a goblin
             ... wielding a +0 club
              (4 damage)
             ... on level 4 of the Dungeon.
             The game lasted 00:03:40 (1445 turns).

timneilson the Ruffian (Octopode Shapeshifter)      Turns: 1445, Time: 00:03:40

Health: 0/29       AC:  1    Str: 15    XL:     4   Next: 65%
Magic:  5/5        EV: 13    Int: 12    God:
Gold:   175        SH:  0    Dex: 11    Spells: 4/4 levels left

rFire   . .          .
                       - Unarmed
rCold   . . .        (no shield)
rNeg    . . .        (helmet currently unavailable)
rPois   .            (no amulet)
rElec   .            i - +4 ring of slaying
rCorr   .            (no ring)
SInv    .            (no ring)
Will    +....        (no ring)
Stlth   +++          (no ring)
HPRegen 0.24/turn    (no ring)
MPRegen 0.09/turn    (no ring)
                     (no ring)

%: no passive effects
@: beast-form, enlightened, flying
A: beast (slay +2), almost no armour, amphibious, 8 rings, camouflage 1,
gelatinous body 1, (nimble swimmer 1), tentacles
a: Begin Untransformation


You were on level 4 of the Dungeon.
You were a hulking beast.
You visited 1 branch of the dungeon, and saw 4 of its levels.

You collected 175 gold pieces.

Inventory:

Jewellery
 i - a +4 ring of slaying (left tentacle)
Talismans
 b - a beast talisman
 c - a flux talisman
Scrolls
 f - 2 scrolls of teleportation
Potions
 a - 3 potions of lignification
 g - 2 potions of attraction {unknown}
 h - 2 potions of might


   Skills:
 * Level 2.0 Fighting
 * Level 2.7 Dodging
 + Level 1.4 Stealth
 * Level 3.5 Unarmed Combat
 + Level 0.7 Spellcasting
 * Level 3.5 Shapeshifting


You had 4 spell levels left.
You didn't know any spells.
Your spell library was empty.

Dungeon Overview and Level Annotations

Branches:
Dungeon (4/15)
 Temple: D:4-7

Altars:
The Shining One

Shops:
D:1 *   D:2 *(

Annotations:
D:3 Ijyb, Natasha


Innate Abilities, Weirdness & Mutations

You are a hulking beast.
Your limbs bulge with bestial killing power. (Slay +2)
You cannot wear most types of armour.
You are amphibious.
You can wear up to eight rings at the same time.
Your skin changes colour to match your surroundings (Stealth+).
Your rubbery body absorbs attacks. (AC +1, EV +1)
((You are camouflaged when in or above water. (Stealth+)))
You have tentacles for arms and can constrict up to eight enemies at once.


Message History

There is a stone staircase leading down here.
You climb downwards.
You hear the sound of rushing water.
There is an entrance to a sewer on this level.
Hurry and find it before the portal rusts away!
The endoplasm quivers.
The ball python hisses angrily.
There is a stone staircase leading up here.
There are monsters nearby!
It was a potion of enlightenment.
You feel very buoyant.
You fly up into the air.
Okay, then.
It was a potion of curing.
You feel better.
A ball python comes into view.
A goblin comes into view. It is wielding a +0 club.
The ball python hisses angrily.
The goblin shouts!
You bludgeon the endoplasm!
You kill the endoplasm!
The ball python closely misses you. x2
You bludgeon the ball python!
You kill the ball python!
An endoplasm comes into view.
You closely miss the ball python.
The endoplasm quivers.
Your grab misses the ball python.
A goblin comes into view. It is wielding a +0 club.
The ball python bites you.
* * * LOW HITPOINT WARNING * * *
The ball python grabs you. The ball python constricts you.
The goblin shouts!
You bludgeon the ball python!
You kill the ball python!
An endoplasm comes into view.
Your Fighting skill increases to level 2!
The goblin hits you with a +0 club.
* * * LOW HITPOINT WARNING * * *
You see here a ball python corpse.
You barely miss the goblin. You grab the goblin. You constrict the goblin.
The goblin hits you with a +0 club.
You die...

########
#......#
#......#
#......###
#<.......#
#...h..#.
#...†g.#
#......#
####...g..
######J.
.. .


You could see an endoplasm and 2 goblins.

Vanquished Creatures
  4 adders (D:2)
  A worm (D:2)
  2 dart slugs
  2 bats
  10 endoplasms
  3 goblins
  5 hobgoblins (D:1)
  3 jackals (D:1)
  4 kobolds
  4 quokkas
  5 ball pythons
  A frilled lizard (D:1)
  A rat (D:1)
45 creatures vanquished.

Notes
Turn   | Place    | Note
-------+----------+-------------------------------------------
     0 | D:1      | timneilson the Octopode Shapeshifter began the quest for
                  | the Orb.
     0 | D:1      | Reached XP level 1. HP: 13/13 MP: 1/1
    32 | D:1      | Found Miczi's Assorted Antiques.
   153 | D:1      | Reached XP level 2. HP: 14/18 MP: 2/2
   437 | D:1      | Reached XP level 3. HP: 23/23 MP: 3/3
   698 | D:2      | Found a glowing golden altar of the Shining One.
   735 | D:2      | Found a faded altar of an unknown god.
   737 | D:2      | Noticed an eye of devastation
   738 | D:2      | Noticed a golden eye
   738 | D:2      | Noticed a glass eye
   738 | D:2      | Noticed a golden eye
   766 | D:2      | Reached skill level 1 in Stealth
   899 | D:2      | Reached XP level 4. HP: 29/29 MP: 4/4
  1069 | D:2      | Found Yhoon's Weapon Shoppe.
  1303 | D:2      | Found Usydeci's General Store.
  1366 | D:3      | Noticed Natasha
  1424 | D:3      | Noticed Ijyb
  1445 | D:4      | Slain by a goblin

Illustrated notes

Levels and vault maps discovered:
D:1:      saegor_arrival_simple_e, layout_loops_cross, serial_shops,
          nicolae_shop_dealshenge, minmay_misc_feat_nine_boxes
D:2:      layout_basic, serial_shops, nicolae_shop_behind_doors,
          nicolae_diamond_shop, hellmonk_ecumenical_altar_watching_god,
          basic_altar
D:3:      layout_loops_corners, zin_purify, serial_shops,
          nicolae_shop_gibbet_a_chance, st_stairs_9, uniq_ijyb, uniq_natasha,
          uniq_sigmund
D:4:      layout_rooms, serial_shops, nicolae_shop_crystal,
          gup_sewer_entry_spiral

Skill      XL: |  1  2  3  4 |
---------------+-------------+-----
Stealth        | 1 |  1.4
Fighting       | 2 |  2.0
Dodging        | |  2.7
Unarmed Combat | |  3.5
Spellcasting   | |  0.7
Shapeshifting  | |  3.5

Action                     |  1- 3 |  4- 6 || total
---------------------------+-------+-------++-------
  Melee: Unarmed           |    53 |    26 ||    79
         Constrict         |     9 |     5 ||    14
         Tentacles         |     5 |     3 ||     8
         Punch             |     1 |     1 ||     2
    Use: Scroll            |     3 |     4 ||     7
         Potion            |       |     2 ||     2
   Stab: Sleeping          |    10 |     7 ||    17
 Armour: Skin              |    15 |     8 ||    23
  Dodge: Dodged            |    20 |    10 ||    30

Table legend: (Time is in decaauts)
 A = Elapsed time spent in this place.
 B = Non-inter-level travel time spent in this place.
 C = Inter-level travel time spent in this place.
 D = Time resting spent in this place.
 E = Time spent auto-exploring this place.
 F = Levels seen in this place.
 G = Mean time per level.
                   A        B        C        D        E       F      G
               +--------+--------+--------+--------+--------+-----+--------+
         Total |   1439 |   1406 |     33 |     77 |    942 |   4 |  359.8 |
       Dungeon |   1439 |   1406 |     33 |     77 |    942 |   4 |  359.8 |
               +--------+--------+--------+--------+--------+-----+--------+

Top non-repeatable levels by time:
     D:1: 694 daAuts
     D:2: 694 daAuts
     D:3: 40 daAuts
     D:4: 9 daAuts
